 Dungeon Crawl Stone Soup version 0.30-a0-782-ge64f9170bb (webtiles) character file.

Game seed: 9717161557902845679

663 demibob the Carver (level 7, -7/57 HPs)
             Began as a Minotaur Fighter on Feb 19, 2023.
             Mangled by Prince Ribbit (15 damage)
             ... on level 5 of the Dungeon.
             The game lasted 00:04:21 (3342 turns).

demibob the Carver (Minotaur Fighter)               Turns: 3342, Time: 00:04:22

Health: -7/57      AC: 10    Str: 20    XL:     7   Next: 31%
Magic:  6/6        EV:  9    Int:  5    God:
Gold:   157        SH:  0    Dex: 12    Spells: 6/6 levels left

rFire   . . .      SeeInvis .    a - +0 long sword
rCold   . . .      Faith    .    (no shield)
rNeg    . . .      Spirit   .    b - +0 scale mail
rPois   .          Reflect  .    (helmet restricted)
rElec   .          Harm     .    d - +0 cloak
rCorr   .          Rampage  .    j - +1 pair of gloves
Will    .....                    (no boots) Stlth
                                 (no amulet)
HPRegen 0.29/turn                (no ring)
MPRegen 0.10/turn                (no ring)

@: no status effects
A: horns 2, retaliatory headbutt
a: no special abilities


You were on level 5 of the Dungeon.
You visited 1 branch of the dungeon, and saw 5 of its levels.

You collected 207 gold pieces.
You spent 50 gold pieces at shops.


Innate Abilities, Weirdness & Mutations

You have a pair of horns on your head.
You reflexively headbutt those who attack you in melee.


   Skills:
 - Level 3.6 Fighting
 + Level 9.9 Long Blades
 - Level 3.6 Armour
 - Level 3.6 Shields


You had 6 spell levels left.
You didn't know any spells.
Your spell library contained the following spells:

 Spells                   Type           Power      Damage    Failure   Level
 Call Canine Familiar     Summ           0%         N/A       99%         3
 Dazzling Flash           Conj/Hex       0%         N/A       99%         3
 Portal Projectile        Hex/Tloc       0%         N/A       99%         3
 Iskenderun's Mystic Bla  Conj/Tloc      0%         2d3       100%        4
 Leda's Liquefaction      Hex/Erth       0%         N/A       100%        4
 Starburst                Conj/Fire      0%         6d3       100%        6

Inventory:

Hand Weapons
 a - a +0 long sword (weapon)
Armour
 b - a +0 scale mail (worn)
 d - a +0 cloak (worn)
 j - a +1 pair of gloves (worn)
Jewellery
 c - an amulet of the acrobat
Scrolls
 i - a scroll of magic mapping
 l - 4 scrolls of identify {@r1}
Potions
 h - 3 potions of degeneration
 k - a potion of attraction

Dungeon Overview and Level Annotations

Branches:
Dungeon (5/15)
 Temple: D:4-7

Altars:
Dithmenos
Elyvilon
Fedhas
Uskayaw
Xom
Zin
The Shining One

Shops:
D:1 ?   D:2 !   D:3 (

Annotations:
D:5 Prince Ribbit

## #####.##
##......##
####........#
#@##.........
#F##.........
##§..........
#§§.........
#...........
#...........
#..............
#..............##
#................


You could see Prince Ribbit.


Message History

Pikel freezes you.
* * * LOW HITPOINT WARNING * * *
You slash Pikel! You headbutt Pikel!
Pikel is almost dead.
Pikel hits you but does no damage.
You closely miss Pikel.
Pikel is almost dead.
Pikel hits you but does no damage. Pikel barely misses you.
You hit Pikel but do no damage.
Pikel is almost dead.
Pikel completely misses you.
You hit Pikel. You headbutt Pikel, but do no damage.
Pikel is almost dead.
Pikel hits you with a +1 whip of freezing.
* * * LOW HITPOINT WARNING * * *
Pikel freezes you.
* * * LOW HITPOINT WARNING * * *
You hit Pikel.
You kill Pikel!
With Pikel's spell broken, his former minions thank you for their freedom.
The lemure departs this earthly plane. x2
You feel your strength returning.
You feel your intelligence returning.
You feel your dexterity returning.
Your Long Blades skill gained 2 levels and is now at level 9!
You have reached level 6!
You have reached level 7!
You hit Prince Ribbit.
Prince Ribbit is severely wounded.
Prince Ribbit hits you!
You die...

Skill      XL: |  1  2  3  4  5 |
---------------+----------------+-----
Long Blades    | 3 4 5 6 9 |  9.9
Fighting       | |  3.6
Armour         | |  3.6
Shields        | |  3.6

Action                     |  1- 3 |  4- 6 |  7- 9 || total
---------------------------+-------+-------+-------++-------
  Melee: Long sword        |   111 |   128 |     1 ||   240
         Headbutt          |    17 |    20 |       ||    37
         Punch             |       |     1 |       ||     1
    Use: Scroll            |     5 |     5 |       ||    10
         Potion            |       |     8 |       ||     8
 Armour: Scale mail        |    49 |    64 |       ||   113
  Dodge: Dodged            |    55 |    53 |       ||   108

Levels and vault maps discovered:
D:1:      minmay_arrival_floating_metal, layout_loops_ring, serial_shops, shop
D:2:      layout_loops_corners, chequers_ecumenical_altar_twisty, serial_shops,
          shop, uniq_crazy_yiuf_cottage
D:3:      layout_loops_ring, dreamdust_divine_triumvirate,
          nicolae_uskayaw_en_pointe, serial_shops,
          nicolae_shop_bloodbath_and_beyond, minmay_misc_feat_alley
D:4:      layout_loops_ring, lemuel_tele_altar, mainiacjoe_overflow_swirl,
          guppyfry_early_lair_pool
D:5:      layout_cave_pods, mainiacjoe_overflow_concentric_impassable,
          serial_shops, shop, chequers_serial_rivers_small_a, uniq_sigmund,
          uniq_pikel, uniq_prince_ribbit1

Notes
Turn   | Place    | Note
-------+----------+-------------------------------------------
     0 | D:1      | demibob the Minotaur Fighter began the quest for the Orb.
     0 | D:1      | Reached XP level 1. HP: 19/19 MP: 0/0
   104 | D:1      | Found Siob's Magic Scroll Boutique.
   106 | D:1      | Reached skill level 3 in Long Blades
   108 | D:1      | Reached XP level 2. HP: 26/26 MP: 1/1
   215 | D:1      | Reached skill level 4 in Long Blades
   296 | D:1      | Reached XP level 3. HP: 31/31 MP: 2/2
   983 | D:2      | Found a faded altar of an unknown god.
  1040 | D:2      | Reached skill level 5 in Long Blades
  1255 | D:2      | Found Nisch's Distillery.
  1262 | D:2      | Bought a potion of heal wounds for 50 gold pieces
  1525 | D:2      | Reached XP level 4. HP: 31/39 MP: 3/3
  1750 | D:2      | Found a runed translucent door.
  1751 | D:2      | Noticed Crazy Yiuf
  1759 | D:2      | Killed Crazy Yiuf
  1845 | D:3      | Reached skill level 6 in Long Blades
  1956 | D:3      | Noticed a +0 spear
  1956 | D:3      | Noticed a +0 spear
  1956 | D:3      | Noticed a +0 dagger
  1957 | D:3      | Noticed a +0 short sword
  1958 | D:3      | Noticed a +0 dagger
  1958 | D:3      | Noticed a +0 falchion
  1959 | D:3      | Noticed a +0 short sword
  1960 | D:3      | Found a hide-covered altar of Uskayaw.
  1960 | D:3      | Noticed a +0 falchion
  2186 | D:3      | Found Egynej's Weapon Boutique.
  2378 | D:3      | Found a white marble altar of Elyvilon.
  2378 | D:3      | Found a glowing silver altar of Zin.
  2378 | D:3      | Found a glowing golden altar of the Shining One.
  2458 | D:3      | Reached XP level 5. HP: 27/45 MP: 4/4
  2685 | D:4      | Found a blossoming altar of Fedhas.
  2694 | D:4      | Found a shadowy altar of Dithmenos.
  2879 | D:4      | Reached skill level 7 in Long Blades
  2990 | D:4      | Found a shimmering altar of Xom.
  3185 | D:5      | Entered Level 5 of the Dungeon
  3293 | D:5      | Noticed Pikel
  3293 | D:5      | Noticed a lemure
  3293 | D:5      | Noticed a lemure
  3293 | D:5      | Noticed a lemure
  3293 | D:5      | Noticed a lemure
  3293 | D:5      | Noticed Prince Ribbit
  3315 | D:5      | Killed a lemure
  3323 | D:5      | Killed a lemure
  3341 | D:5      | Killed Pikel
  3342 | D:5      | Reached skill level 9 in Long Blades
  3342 | D:5      | Reached XP level 6. HP: 7/51 MP: 5/5
  3342 | D:5      | Reached XP level 7. HP: 8/57 MP: 6/6
  3342 | D:5      | Mangled by Prince Ribbit

Vanquished Creatures
  Pikel (D:5)
  2 lemures (D:5)
  Crazy Yiuf (D:2)
  An iguana (D:4)
  An orc wizard (D:5)
  6 adders
  A worm (D:2)
  2 dart slugs (D:1)
  4 orcs
  5 endoplasms
  4 giant cockroaches (D:1)
  11 goblins
  9 hobgoblins
  6 jackals (D:1)
  6 quokkas
  8 ball pythons
  3 bats
  2 frilled lizards (D:1)
  9 kobolds
  5 rats
87 creatures vanquished.

Vanquished Creatures (others)
  2 fungi (D:2)
2 creatures vanquished.

Grand Total: 89 creatures vanquished

Table legend: (Time is in decaauts)
 A = Elapsed time spent in this place.
 B = Non-inter-level travel time spent in this place.
 C = Inter-level travel time spent in this place.
 D = Time resting spent in this place.
 E = Time spent auto-exploring this place.
 F = Levels seen in this place.
 G = Mean time per level.
                   A        B        C        D        E       F      G
               +--------+--------+--------+--------+--------+-----+--------+
         Total |   3396 |   3314 |     82 |    123 |   2578 |   5 |  679.2 |
       Dungeon |   3396 |   3314 |     82 |    123 |   2578 |   5 |  679.2 |
               +--------+--------+--------+--------+--------+-----+--------+

Top non-repeatable levels by time:
     D:2: 973 daAuts
     D:1: 899 daAuts
     D:3: 725 daAuts
     D:4: 639 daAuts
     D:5: 158 daAuts

Table legend:
 A = Non-vault XP
 B = Vault XP
 C = Vault XP percentage of total XP
 D = Non-vault monster count
 E = Vault monster count
 F = Vault count percentage of total count
                 A         B        C        D         E       F
            +---------+---------+-------+---------+---------+-------
      Total |     272 |     676 |  71.3 |      81 |       4 |   4.7
            +---------+---------+-------+---------+---------+-------
        D:1 |      64 |       0 |   0.0 |      37 |       0 |   0.0
        D:2 |      36 |      42 |  53.8 |      12 |       1 |   7.7
        D:3 |      55 |       0 |   0.0 |      16 |       0 |   0.0
        D:4 |      72 |      27 |  27.3 |      12 |       2 |  14.3
        D:5 |      45 |     607 |  93.1 |       4 |       1 |  20.0
            +---------+---------+-------+---------+---------+-------
